 Dungeon Crawl Stone Soup version 0.21.1-1-g345015f (webtiles) character file.

702 letownia2 the Digger (level 7, -4/36 HPs)
             Began as a Gargoyle Earth Elementalist on Feb 14, 2018.
             Killed by divine providence
             ... invoked by an orc priest
              (14 damage)
             ... on level 5 of the Dungeon.
             The game lasted 00:07:43 (1169 turns).

letownia2 the Digger (Gargoyle Earth Elementalist)  Turns: 1169, Time: 00:07:44

Health: -4/36      AC:  8    Str: 11    XL:     7   Next: 66%
Magic:  10/14      EV: 12    Int: 18    God:
Gold:   157        SH:  0    Dex: 10    Spells: 9/15 levels left

rFire    . . .     SeeInvis .   o - +0 rapier
rCold    . . .     Gourm    .   (no shield)
rNeg     + + .     Faith    .   r - +0 leather armour (curse)
rPois    ∞         Spirit   .   (no helmet)
rElec    +         Reflect  .   (no cloak)
rCorr    .         Harm     .   (no gloves)
MR       .....                  i - +0 pair of boots
Stlth    +.........             (no amulet)
HPRegen  0.12/turn              p - +1 ring of evasion
MPRegen  0.14/turn              t - ring of positive energy

@: confused
A: negative energy resistance 1, electricity resistance, unbreathing,
petrification resistance, rot immunity, AC +4
a: no special abilities


You were on level 5 of the Dungeon.
You were not hungry.

You visited 1 branch of the dungeon, and saw 5 of its levels.

You collected 157 gold pieces.

Inventory:

Hand Weapons
 h - a +0 dagger
 j - a +0 hunting sling
 o - a +0 rapier (weapon)
 u - a +3 morningstar
Missiles
 a - 3 tomahawks
 b - 65 stones (quivered)
 x - 6 javelins of returning
Armour
 c - a +0 robe
 i - a +0 pair of boots (worn)
 k - a +0 ring mail
 r - a cursed +0 leather armour (worn)
Jewellery
 p - a +1 ring of evasion (left hand)
 s - an uncursed ring of fire
 t - a ring of positive energy (right hand)
Scrolls
 f - a scroll of fear {unknown}
 g - 3 scrolls of remove curse {unknown}
 l - a scroll of magic mapping {unknown}
 m - a scroll of random uselessness {unknown}
 v - a scroll of fog {unknown}
 w - a scroll of identify {unknown}
 y - a scroll of enchant armour {unknown}
Books
 e - a book of Geomancy

   Spells                             Type                      Level
   a - Sandblast                      Earth                        1
   b - Passwall                       Transmutation/Earth          2
   c - Stone Arrow                    Conjuration/Earth            3
   d - Petrify                        Transmutation/Earth          4
   e - Lee's Rapid Deconstruction     Earth                        5
Comestibles
 d - 4 rations
 q - 3 chunks of flesh


   Skills:
 - Level 1.5 Dodging
 - Level 2.1 Stealth
 + Level 4.9 Spellcasting
 - Level 3.0 Conjurations
 - Level 0.7 Transmutations
 - Level 7.7 Earth Magic


You had 9 spell levels left.
You knew the following spells:

 Your Spells              Type           Power        Failure   Level  Hunger
a - Sandblast             Erth           ####..       1%          1    None
d - Stone Arrow           Conj/Erth      ###...       5%          3    ###....
w - Passwall              Tmut/Erth      ###.......   4%          2    #......


Dungeon Overview and Level Annotations

Branches:
Dungeon (5/15)
 Temple: D:4-7

Altars:
Cheibriados

Annotations:
D:3 Terence


Innate Abilities, Weirdness & Mutations

You are resistant to torment.
Your stone body is resilient. (AC +4)
You are immune to poison.
You resist negative energy. (rN+)
You are resistant to electric shocks. (rElec)
You can survive without breathing.
You are immune to petrification.
You are immune to rotting.


Message History

Unknown command.
Unknown command.
Unknown command.
Casting: Stone Arrow
Confirm with . or Enter, or press ? or * to list all spells.
Aiming: Sandblast
Press: ? - help, Shift-Dir - straight line, f/p - centaur
Aim: a centaur, wielding a shortbow (almost dead)
The blast of sand hits the centaur.
You kill the centaur!
b - 65 stones Unknown command.
Unknown command.
Unknown command.
It was a potion of ambrosia.
You are confused.
You feel invigorated.
The orc priest invokes the aid of Beogh against you.
Beogh smites you!
You die...

... .. #.. .# #..
.# # # #Z. .#.#
##.##>o#.#.#
.....o.!...###
#....)o.....# #. #
#(# ##.##.#@#
......#.##
#.......# #
#.####..###.#
#.####.###.<>....#
##............#####
............#.#
######[#####.#
##...###...


You could see 2 orc priests, an orc wizard and a bullfrog skeleton.

Vanquished Creatures
  Grinder (D:3)
  A phantom (D:4)
  An ogre (D:4)
  A centaur (D:5)
  2 orc priests (D:4)
  A bullfrog skeleton (D:4)
  An orc wizard (D:4)
  An iguana (D:4)
  A worker ant (D:4)
  2 adders (D:4)
  A shadow imp (D:4)
  An ooze (D:3)
  2 worms (D:4)
  2 dart slugs
  2 leopard geckos
  12 orcs
  A giant cockroach (D:4)
  4 goblins
  2 hobgoblins
  7 kobolds
  2 quokkas (D:4)
  2 ball pythons (D:2)
  4 bats
  2 frilled lizards
  6 rats
62 creatures vanquished.

Notes
Turn   | Place    | Note
-------+----------+-------------------------------------------
     0 | D:1      | letownia2 the Gargoyle Earth Elementalist began the quest for the Orb.
     0 | D:1      | Reached XP level 1. HP: 10/10 MP: 3/3
   103 | D:1      | Reached skill level 4 in Earth Magic
   137 | D:1      | Reached XP level 2. HP: 10/15 MP: 5/5
   359 | D:2      | Reached skill level 5 in Earth Magic
   359 | D:2      | Reached XP level 3. HP: 4/19 MP: 3/6
   375 | D:2      | Learned a level 3 spell: Stone Arrow
   430 | D:3      | Noticed Terence
   469 | D:3      | Noticed Grinder
   475 | D:3      | Killed Grinder
   475 | D:3      | Reached skill level 7 in Earth Magic
   475 | D:3      | Reached XP level 4. HP: 8/24 MP: 0/7
   475 | D:3      | Reached XP level 5. HP: 9/28 MP: 0/8
   675 | D:3      | Reached XP level 6. HP: 28/32 MP: 7/9
   750 | D:4      | Reached skill level 1 in Conjurations
   885 | D:4      | Reached XP level 7. HP: 36/36 MP: 2/12
   902 | D:4      | Found a snail-covered altar of Cheibriados.
  1148 | D:5      | Entered Level 5 of the Dungeon
  1153 | D:5      | Learned a level 2 spell: Passwall
  1169 | D:5      | Killed from afar by an orc priest

Skill      XL: |  1  2  3  4  5  6  7 |
---------------+----------------------+-----
Earth Magic    | 4 5 7 |  7.7
Conjurations   | 3 |  3.0
Spellcasting   | 3 4 |  4.9
Dodging        | |  1.5
Stealth        | |  2.1
Transmutations | |  0.7

Action                   |  1- 3 |  4- 6 |  7- 9 || total
-------------------------+-------+-------+-------++-------
Melee: Unarmed           |    37 |       |       ||    37
       Dagger            |    18 |       |       ||    18
       Rapier            |     2 |    37 |    26 ||    65
 Cast: Sandblast         |    22 |    23 |    14 ||    59
       Stone Arrow       |       |     2 |     2 ||     4
  Use: Potion            |       |       |     1 ||     1
 Stab: Sleeping          |     5 |       |       ||     5
  Eat: Chunk             |       |     1 |     1 ||     2
Armor: Robe              |    20 |     5 |       ||    25
       Leather armour    |       |    20 |    10 ||    30
Dodge: Dodged            |    33 |    28 |    18 ||    79
